Map: Jagannatha LE

Players

Serral - Winner!

  • Race: Zerg Zerg
  • League: Master

Lambo

  • Race: Zerg Zerg
  • League: Grandmaster

Event: DreamHack SC2 Masters 2021 Summer

VOD

Have the link to the VOD?

Description

Time

  • Played on: May 30, 2021, 2:15 p.m.
  • Length: 7:53

All games in this series

Show
View Real Time Build Order
Export as new Build Order

Serral Zerg - Winner!

Build Orders: Hatch First 

Get SALT Encoding   

  12  0:00  Drone  
  13  0:12  Overlord  
  13  0:17  Drone  
  14  0:30  Drone x2  
  16  0:48  Hatchery  
  15  0:51  Drone  
  15  0:55  Drone  
  17  0:58  Drone  
  18  1:09  Extractor  
  17  1:14  Spawning Pool  
  17  1:17  Drone  
  17  1:20  Drone  
  18  1:28  Drone  
  19  1:39  Drone  
  20  1:56  Drone  
  20  2:00  Queen x2  
  20  2:01  Zergling x2, Overlord  
  26  2:09  Metabolic Boost  
  26  2:11  Drone  
  26  2:12  Drone  
  28  2:22  Drone x2  
  30  2:35  Hatchery  
  29  2:38  Drone  
  29  2:40  Drone  
  31  2:45  Overlord  
  31  2:49  Drone  
  32  2:54  Drone  
  32  2:55  Drone, Evolution Chamber  
  33  3:05  Drone x2  
  35  3:11  Zergling x8  
  39  3:14  Overlord  
  39  3:16  Zergling x2  
  40  3:22  Zerg Ground Armor Level 1  
  40  3:29  Roach Warren  
  40  3:33  Drone  
  40  3:34  Drone x2  
  41  3:39  Drone x2  
  41  3:40  Drone  
  45  3:44  Overlord  
  45  3:47  Zergling x2  
  45  3:48  Zergling x2  
  46  3:53  Zergling x4  
  48  3:58  Zergling x6  
  51  4:02  Queen  
  51  4:08  Drone  
  54  4:10  Drone  
  54  4:13  Zergling x6  
  58  4:17  Lair  
  58  4:20  Drone  
  58  4:22  Zergling x2  
  58  4:23  Zergling x4  
  62  4:28  Zergling x6  
  65  4:31  Zergling x2  
  66  4:39  Overlord  
  66  4:42  Overlord  
  66  4:46  Overlord  
  65  4:54  Zergling x2  
  65  4:58  Extractor, Zergling x2  
  65  4:59  Zergling x14  
  73  5:00  Extractor  
  73  5:04  Overlord  
  72  5:11  Zergling x4  
  74  5:15  Overlord  
  74  5:16  Zerg Missile Weapons Level 1  
  74  5:19  Overlord  
  74  5:25  Drone x5  
  74  5:28  Glial Reconstitution  
  76  5:31  Drone x2, Overseer  
  76  5:33  Drone x2  
  76  5:34  Drone  
  81  5:38  Overlord  
  81  5:42  Drone x3  
  84  5:50  Drone x4  
  90  5:57  Roach x3  
  90  6:00  Roach x2  
  93  6:05  Roach  
  93  6:10  Extractor, Roach  
  96  6:14  Roach  
  96  6:15  Roach x3  
  96  6:17  Overlord  
  103  6:23  Overlord, Roach  
  103  6:24  Roach x2  
  109  6:25  Overlord  
  109  6:31  Roach x2  
  113  6:35  Roach  
  113  6:36  Roach x2  
  119  6:42  Overlord  
  119  6:44  Roach x3  
  125  6:50  Roach x2  
  129  6:54  Roach  
  129  6:55  Roach x3  
  129  6:57  Overlord  
  129  7:00  Overlord  
  137  7:03  Roach  
  137  7:04  Roach  
  137  7:07  Roach x2  
  145  7:19  Roach  
  145  7:20  Roach x2  
  151  7:29  Roach x4  
  154  7:33  Zergling x6, Roach x2  
Show
View Real Time Build Order
Export as new Build Order

Lambo Zerg 

Build Orders: Hatch First 

Get SALT Encoding   

  12  0:00  Drone  
  13  0:12  Overlord  
  13  0:17  Drone  
  14  0:30  Drone x2  
  16  0:47  Hatchery  
  15  0:51  Drone  
  15  0:55  Drone  
  17  0:58  Drone  
  18  1:08  Extractor  
  17  1:12  Spawning Pool  
  17  1:16  Drone  
  17  1:19  Drone  
  18  1:28  Drone  
  19  1:38  Drone  
  20  1:49  Drone  
  21  1:59  Queen  
  21  2:00  Drone, Queen  
  21  2:01  Overlord  
  26  2:05  Evolution Chamber  
  25  2:10  Drone  
  25  2:11  Drone  
  27  2:21  Drone x2  
  29  2:32  Zerg Ground Armor Level 1  
  29  2:33  Drone x2  
  31  2:38  Queen  
  33  2:45  Drone, Overlord  
  34  2:53  Drone  
  34  2:55  Drone  
  37  3:05  Drone  
  37  3:06  Drone, Evolution Chamber  
  37  3:08  Drone x2  
  37  3:09  Drone x2  
  37  3:11  Metabolic Boost  
  41  3:15  Overlord  
  41  3:18  Drone x2  
  43  3:20  Drone  
  44  3:27  Roach Warren  
  44  3:30  Drone  
  44  3:35  Overlord  
  44  3:44  Zergling x8  
  48  3:49  Overlord  
  48  3:50  Zergling x6  
  51  3:59  Overlord  
  51  4:00  Zergling x2  
  52  4:05  Evolution Chamber  
  52  4:06  Zergling x2  
  52  4:09  Overlord  
  52  4:11  Zergling x6  
  52  4:15  Zergling x2  
  52  4:16  Lair  
  56  4:20  Extractor, Zergling x2  
  56  4:21  Extractor, Zergling x4  
  56  4:22  Zergling x2  
  56  4:23  Zerg Missile Weapons Level 1  
  58  4:28  Zergling x2  
  59  4:42  Drone x4  
  59  4:44  Drone, Hatchery  
  59  4:45  Drone  
  64  4:49  Drone x2  
  63  4:54  Roach x2  
  63  4:56  Queen  
  63  4:59  Roach  
  71  5:03  Roach  
  73  5:11  Roach  
  72  5:18  Roach x4  
  72  5:20  Overlord  
  82  5:22  Overlord  
  80  5:29  Overlord  
  80  5:31  Roach x2  
  82  5:38  Roach x2  
  86  5:43  Hatchery, Glial Reconstitution  
  86  5:48  Overlord  
  85  5:54  Roach x3  
  90  5:57  Roach  
  90  6:00  Roach  
  81  6:06  Roach  
  81  6:08  Roach  
  85  6:17  Drone x4  
  89  6:19  Drone x2  
  89  6:20  Drone  
  89  6:22  Drone  
  93  6:30  Drone  
  94  6:33  Drone  
  94  6:38  Drone  
  96  6:41  Queen  
  98  6:48  Extractor, Roach x6  
  98  6:49  Extractor  
  109  6:54  Drone x2  
  109  6:59  Drone x2  
  112  7:07  Roach x2  
  116  7:11  Roach  
  116  7:13  Roach  
  116  7:15  Overlord  
  120  7:16  Roach  
  120  7:17  Overlord  
  120  7:19  Overlord  
  120  7:20  Overlord  
  122  7:29  Roach x2  
  120  7:31  Roach x2  
  120  7:32  Roach  
Tags
 
Add a new tag
Caveats
  • Supply blocks, unpowered buildings, or Contaminate may cause inaccurate times.
  • Supply counts are checked every 10 seconds.